 Dungeon Crawl Stone Soup version 0.28-a0-1190-g77e1c55843 (webtiles) character file.

Game seed: 10569290468465104568

180 Mamutox the Sneak (level 5, -1/25 HPs)
             Began as a Spriggan Venom Mage on Dec 18, 2021.
             Succumbed to a kobold brigand's curare-tipped dart
             ... on level 4 of the Dungeon.
             The game lasted 00:12:49 (3821 turns).

Mamutox the Sneak (Spriggan Venom Mage)             Turns: 3821, Time: 00:12:50

Health: -1/25      AC:  3    Str:  4    XL:     5   Next: 33%
Magic:  11/12      EV: 19    Int: 18    God:
Gold:   85         SH:  0    Dex: 16    Spells: 6/12 levels left

rFire   . . .      SeeInvis +   b - +0 dagger
rCold   . . .      Faith    .   (shield restricted)
rNeg    . . .      Spirit   .   a - +0 robe
rPois   .          Reflect  .   (helmet restricted)
rElec   .          Harm     .   m - +0 cloak
rCorr   .          Rampage  .   (gloves unavailable)
Will    .....                   (boots unavailable)
Stlth   +++.......              (no amulet)
HPRegen 0.08/turn               l - ring of wizardry
MPRegen 0.13/turn               (no ring)

@: lethally poisoned (-1 -> -13), slowed, quick
A: very small, no large weapons, unfitting armour, see invisible, speed 3
a: no special abilities


You were on level 4 of the Dungeon.
You visited 1 branch of the dungeon, and saw 4 of its levels.

You collected 85 gold pieces.

Inventory:

Hand Weapons
 b - a +0 dagger (weapon)
Missiles
 j - 33 bolts
 n - 26 stones
Armour
 a - a +0 robe (worn)
 m - a +0 cloak (worn)
Jewellery
 l - a ring of wizardry (left hand)
Wands
 q - a wand of flame (7)
Scrolls
 c - a scroll of immolation {unknown}
 e - 4 scrolls of identify {unknown}
 g - a scroll of silence {unknown}
 h - 4 scrolls of teleportation {unknown}
 s - a scroll of amnesia {unknown}
Potions
 d - a potion of heal wounds
 f - 2 potions of mutation {unknown}
 i - a potion of lignification {unknown}
 k - 2 potions of attraction {unknown}
 o - a potion of haste {unknown}
 p - a potion of curing {unknown}
 r - a potion of flight {unknown}


   Skills:
 - Level 1.0 Fighting
 - Level 1.2 Short Blades
 + Level 4.6 Dodging
 - Level 4.7 Stealth
 + Level 4.3 Spellcasting
 - Level 1.5 Transmutations
 - Level 3.0 Poison Magic


You had 6 spell levels left.
You knew the following spells:

 Your Spells              Type           Power      Damage    Failure   Level
a - Sting                 Tmut/Pois      48%        1d5       2%          1
b - Poisonous Vapours     Pois/Air       18%        N/A       4%          2
c - Mephitic Cloud        Conj/Pois/Air  7%         N/A       12%         3

Your spell library contained the following spells:

 Spells                   Type           Power      Damage    Failure   Level
 Olgreb's Toxic Radiance  Pois           14%        N/A       16%         4


Dungeon Overview and Level Annotations

Branches:
Dungeon (4/15)
 Temple: D:4-7

Altars:
Gozag


Innate Abilities, Weirdness & Mutations

You are very small and have problems with some larger weapons.
You are too small for most types of armour.
You have supernaturally acute eyesight. (SInv)
You cover ground extremely quickly. (Speed+++)


Message History

The sting hits the kobold brigand.
The kobold brigand is poisoned.
The kobold brigand is lightly wounded.
Casting: Sting (safe; 2% risk of failure)
Confirm with . or Enter, or press ? or * to list all spells.
Aiming: Sting (safe; 2% risk of failure)
Press: ? - help, Shift-Dir - straight line, f/p - kobold brigand
Aim: a kobold brigand, wielding a +0 short sword and quivering curare-tipped darts (lightly wounded, poisoned, 64% to hit)
You miscast Sting.
You are very lightly contaminated with residual magic.
Nothing appears to happen.
The kobold brigand throws a curare-tipped dart.
The curare-tipped dart hits you.
You are poisoned.
You have difficulty breathing.
You feel yourself slow down.
Unknown command.
You feel very sick.
You feel sick.
You feel sick.
The kobold brigand throws a curare-tipped dart.
The curare-tipped dart hits you.
You are lethally poisoned!
You have difficulty breathing.
You feel as though you will be slow longer.
You see here 10 gold pieces.
* * * LOW HITPOINT WARNING * * *
You feel very sick.
It was a potion of heal wounds.
You feel much better.
You feel very sick.
The kobold brigand throws a curare-tipped dart.
The curare-tipped dart hits you.
You are lethally poisoned!
You have difficulty breathing.
You feel as though you will be slow longer.
You feel very sick.
Your magical contamination has completely faded away.
* * * LOW HITPOINT WARNING * * *
You feel very sick.
* * * LOW HITPOINT WARNING * * *
You feel very sick.
You die...

#...# ######### #...#
......... #K..# ###
........# #...# #..
........####K(.# #.#
.(.....)...$../# #|.
.......#.####### #####
..#.####.# #..<.
#.#....@############.#.#
#.####.................
#....).....##.....
#..........##.....
#..........#.....#
######.######.##.#
#.........#.#
########..#.#
#######..#.#


There were no monsters in sight!

Vanquished Creatures
  Crazy Yiuf (D:2)
  An iguana (D:4)
  5 adders
  A worm (D:3)
  3 dart slugs
  An orc (D:3)
  7 bats
  8 endoplasms
  4 giant cockroaches
  3 goblins
  7 hobgoblins
  4 jackals (D:1)
  2 kobolds
  3 quokkas
  7 ball pythons
  5 frilled lizards
  3 rats (D:1)
65 creatures vanquished.

Vanquished Creatures (others)
  A fungus (D:2)
  A plant (D:1)
2 creatures vanquished.

Grand Total: 67 creatures vanquished

Notes
Turn   | Place    | Note
-------+----------+-------------------------------------------
     0 | D:1      | Mamutox the Spriggan Venom Mage began the quest for the
                  | Orb.
     0 | D:1      | Reached XP level 1. HP: 9/9 MP: 5/5
   107 | D:1      | Found a faded altar of an unknown god.
   287 | D:1      | Reached XP level 2. HP: 13/13 MP: 5/7
   452 | D:1      | You fall into a shaft and drop 1 floor!
  1196 | D:2      | Reached XP level 3. HP: 16/16 MP: 6/8
  1812 | D:2      | Found a runed translucent door.
  1813 | D:2      | Noticed Crazy Yiuf
  1838 | D:2      | Killed Crazy Yiuf
  1839 | D:2      | Reached XP level 4. HP: 21/21 MP: 4/10
  1842 | D:2      | Learned a level 2 spell: Poisonous Vapours
  1846 | D:2      | Learned a level 3 spell: Mephitic Cloud
  2603 | D:3      | Reached skill level 1 in Short Blades
  2793 | D:3      | Reached skill level 1 in Fighting
  2946 | D:3      | Found an opulent altar of Gozag.
  2958 | D:3      | Reached XP level 5. HP: 25/25 MP: 5/12
  3820 | D:4      | HP: 1/25 [poisoned by a kobold brigand (curare-tipped
                  | dart)]
  3821 | D:4      | Succumbed to a kobold brigand's curare-tipped dart

Illustrated notes

Levels and vault maps discovered:
D:1:      eino_arrival_water_cross, layout_loops_ring,
          hellmonk_ecumenical_altar_pennies_from_heaven, minmay_distorted
D:2:      layout_basic, uniq_crazy_yiuf_cottage
D:3:      layout_basic, nicolae_gozag_seed_capital, serial_rivers,
          chequers_serial_rivers_room_a, chequers_serial_rivers_small_3,
          chequers_serial_rivers_micro_d, chequers_serial_rivers_micro_b,
          chequers_serial_rivers_room_b
D:4:      layout_basic, uniq_pikel, uniq_menkaure

Skill      XL: |  1  2  3  4 |
---------------+-------------+-----
Dodging        | 3 4 |  4.6
Spellcasting   | 3 4 |  4.3
Stealth        | 4 |  4.7
Short Blades   | 1 |  1.2
Fighting       | 1 |  1.0
Transmutations | |  1.5
Poison Magic   | |  3.0

Action                   |  1- 3 |  4- 6 || total
-------------------------+-------+-------++-------
Melee: Unarmed           |     1 |       ||     1
       Dagger            |     8 |    12 ||    20
 Cast: Sting             |    56 |    70 ||   126
  Use: Potion            |       |     1 ||     1
Armor: Robe              |     4 |     4 ||     8
Dodge: Dodged            |    22 |    20 ||    42

Table legend: (Time is in decaauts)
 A = Elapsed time spent in this place.
 B = Non-inter-level travel time spent in this place.
 C = Inter-level travel time spent in this place.
 D = Time resting spent in this place.
 E = Time spent auto-exploring this place.
 F = Levels seen in this place.
 G = Mean time per level.
                   A        B        C        D        E       F      G
               +--------+--------+--------+--------+--------+-----+--------+
         Total |   2765 |   2712 |     53 |    147 |   1789 |   4 |  691.2 |
       Dungeon |   2765 |   2712 |     53 |    147 |   1789 |   4 |  691.2 |
               +--------+--------+--------+--------+--------+-----+--------+

Top non-repeatable levels by time:
     D:2: 1106 daAuts
     D:3: 771 daAuts
     D:1: 760 daAuts
     D:4: 128 daAuts
